 Dungeon Crawl Stone Soup version 5.7-8-g3a8b389 (webtiles) character file.

99 Thrkk the Skirmisher (level 5, -2/48 HPs)
             Began as a Demonspawn Wanderer on Oct 23, 2018.
             Slain by a worker ant (7 damage)
             ... on level 3 of the Dungeon.
             The game lasted 00:06:34 (2719 turns).

Thrkk the Skirmisher (Demonspawn Wanderer)          Turns: 2719, Time: 00:06:35

Health: -2/48      AC:  3 (0%)Str: 13   XL:     5   Next: 95%
Magic:  8/8        EV: 12    Int: 13    God:
Gold:   163        SH:  0    Dex: 13    Spells: 9/9 levels left

rFire    . . .     SeeInvis .   a - +2 spear
rCold    . . .     Faith    .   (no shield)
rNeg     + . .     Spirit   .   l - +0 robe {rN+}
rPois    .         Reflect  .   (helmet restricted)
rElec    .                      (no cloak)
rCorr    .                      d - +0 pair of gloves
MR       .....                  (no boots)
Stlth    +.........             (no amulet)
Regen    0.2/turn               (no ring)
MPRegen  0.2/turn               (no ring)

@: lethally poisoned (-2 -> -3)
A: antennae 1, demonic guardian 1
a: no special abilities


You were on level 3 of the Dungeon.
You were not hungry.

You visited 1 branch of the dungeon, and saw 3 of its levels.

You collected 163 gold pieces.

Inventory:

Hand Weapons
 a - a +2 spear (weapon)
Missiles
 f - 53 javelins (quivered)
 k - 69 poisoned darts
Armour
 d - a +0 pair of gloves (worn)
 l - a +0 robe of positive energy (worn)
Jewellery
 b - a +5 ring of intelligence
Scrolls
 c - 2 scrolls of enchant armour
 j - 2 scrolls of magic mapping
Potions
 e - a potion of magic
 g - a potion of cancellation
 h - a potion of mutation


   Skills:
 + Level 7.2 Fighting
 - Level 1.0 Maces & Staves
 - Level 1.0 Polearms
 - Level 1.7 Throwing
 - Level 1.0 Armour
 - Level 1.0 Dodging


You had 9 spell levels left.
You didn't know any spells.
Your spell library contained the following spells:

 Spells                   Type           Power        Failure   Level  Hunger
 Statue Form              Tmut/Erth      0 (150)      100%        6    N/A
 Dragon Form              Tmut           0 (200)      100%        7    N/A
 Hydra Form               Tmut           0 (200)      100%        6    N/A
 Irradiate                Tmut           0 (200)      100%        5    N/A

Dungeon Overview and Level Annotations

Branches:
Dungeon (3/15)

Altars:
Sif Muna
Wu Jian


Innate Abilities, Weirdness & Mutations

You have a pair of small antennae on your head.
A weak demonic guardian rushes to your aid.


Message History

The worker ant bites you (2).
* * * LOW HITPOINT WARNING * * *
You are poisoned.
The worker ant poisons you!
You closely miss the worker ant.
The worker ant is severely wounded.
You feel sick. The worker ant closely misses you.
The worker ant barely misses you.
You hit the worker ant (2).
The worker ant is almost dead.
You feel sick. The worker ant barely misses you.
You hit the worker ant (1).
The worker ant is almost dead.
You feel sick. The worker ant completely misses you.
You closely miss the worker ant.
The worker ant is almost dead.
You feel sick. The worker ant bites you (3).
* * * LOW HITPOINT WARNING * * *
The worker ant bites you (7)!
You die...

.#.##.# .#.##.# ......#
.#.#### .#.# #########
.#.# #.......# .#.##
#.#####.#
....####.#####.####
.##.##..........@.#
.##.##.#.###.#.##a#
.##.##.#.# #.#.##.#
###.##.#..$............#
###.##.#####.####.####.#
....##.# #. #.# ######.#
# ..# ##...)###### ###
##.#.........


You could see a worker ant.

Vanquished Creatures
  A howler monkey (D:3)
  Jessica (D:2)
  A worker ant (D:3)
  2 gnolls (D:3)
  4 adders
  4 dart slugs
  4 quokkas
  4 giant cockroaches
  9 goblins
  6 hobgoblins
  2 jackals (D:2)
  2 ball pythons (D:1)
  4 bats
  2 frilled lizards
  8 kobolds
  3 rats
57 creatures vanquished.

Vanquished Creatures (collateral kills)
  A worker ant (D:3)
  2 gnolls (D:3)
  A dart slug (D:3)
  An orc (D:3)
5 creatures vanquished.

Grand Total: 62 creatures vanquished

Notes
Turn   | Place    | Note
-------+----------+-------------------------------------------
     0 | D:1      | Thrkk the Demonspawn Wanderer began the quest for the Orb.
     0 | D:1      | Thrkk set off with: a +2 spear, 2 potions of ambrosia, a +0 robe
     0 | D:1      | Reached XP level 1. HP: 19/19 MP: 2/2
   128 | D:1      | Gained mutation: A weak demonic guardian rushes to your aid. [demonic ancestry]
   128 | D:1      | Reached XP level 2. HP: 21/26 MP: 3/3
   815 | D:1      | Reached skill level 5 in Fighting
   822 | D:1      | Gained mutation: You have a pair of small antennae on your head. [demonic ancestry]
   822 | D:1      | Reached XP level 3. HP: 33/33 MP: 5/5
  1160 | D:2      | Found an ornate altar of the Wu Jian Council.
  1397 | D:2      | Found a deep blue altar of Sif Muna.
  1451 | D:2      | Noticed Jessica
  1454 | D:2      | Killed Jessica
  1454 | D:2      | Reached XP level 4. HP: 35/40 MP: 6/6
  1605 | D:3      | Reached skill level 6 in Fighting
  1670 | D:3      | Reached XP level 5. HP: 26/47 MP: 8/8
  1996 | D:3      | HP: 1/47 [poisoned by a worker ant]
  2001 | D:3      | Reached skill level 7 in Fighting
  2719 | D:3      | Slain by a worker ant

Skill      XL: |  1  2  3  4  5 |
---------------+----------------+-----
Fighting       | 5 6 7 |  7.2
Maces & Staves | |  1.0
Polearms       | |  1.0
Throwing       | |  1.7
Armour         | |  1.0
Dodging        | |  1.0

Action                   |  1- 3 |  4- 6 || total
-------------------------+-------+-------++-------
Melee: Spear             |   125 |    98 ||   223
Throw: Javelin           |       |     3 ||     3
  Use: Potion            |     1 |     2 ||     3
 Stab: Sleeping          |     2 |       ||     2
Armor: Robe              |    22 |    16 ||    38
Dodge: Dodged            |    70 |    40 ||   110
